 Dungeon Crawl Stone Soup version 0.26-a0-812-g31a745ddcd (webtiles) character file.

Game seed: 16827383331447295393

334 Dracia the Spear-Bearer (level 6, -8/44 HPs)
             Began as a Merfolk Gladiator on Dec 10, 2020.
             Killed by divine providence
             ... invoked by an orc priest
              (11 damage)
             ... on level 3 of the Dungeon.
             The game lasted 00:04:13 (2762 turns).

Dracia the Spear-Bearer (Merfolk Gladiator)         Turns: 2762, Time: 00:04:13

Health: -8/44      AC:  6    Str: 14    XL:     6   Next: 53%
Magic:  6/6        EV: 14    Int:  9    God:
Gold:   112        SH:  0    Dex: 16    Spells: 5/5 levels left

rFire    + . .     SeeInvis .   a - +0 trident
rCold    . . .     Faith    .   (no shield)
rNeg     . . .     Spirit   .   b - +0 leather armour
rPois    .         Reflect  .   i - +1 helmet
rElec    .         Harm     .   (no cloak)
rCorr    .         Rampage  .   (no gloves)
MR       .....                  e - +0 pair of boots
Stlth    +.........             (no amulet)
HPRegen  0.14/turn              F - ring of protection from fire
MPRegen  0.10/turn              (no ring)

@: no status effects
A: change form in water, swift swim, stealthy swim
a: no special abilities


You were on level 3 of the Dungeon.
You visited 1 branch of the dungeon, and saw 3 of its levels.

You collected 112 gold pieces.


   Skills:
 - Level 2.1 Fighting
 + Level 10.2 Polearms
 - Level 2.0 Throwing
 - Level 4.0 Dodging


You had 5 spell levels left.
You didn't know any spells.
Your spell library was empty.

Inventory:

Hand Weapons
 a - a +0 trident (weapon)
Missiles
 d - 3 throwing nets {=f=f}
Armour
 b - a +0 leather armour (worn)
 e - a +0 pair of boots (worn)
 i - a +1 helmet (worn)
 l - a +0 helmet
Jewellery
 c - an uncursed ring of ice
 o - an uncursed ring of flight {unknown}
 t - an uncursed ring of teleportation
 C - an uncursed ring of ice
 F - a ring of protection from fire (left hand)
Wands
 k - a wand of polymorph (8)
Scrolls
 f - 2 scrolls of enchant armour {unknown}
 h - 3 scrolls of identify {unknown}
 q - a scroll of magic mapping {unknown}
 r - a scroll of remove curse {@r2@r2}
Potions
 g - 2 potions of degeneration {unknown}
 j - a potion of berserk rage {unknown}
 m - a potion of might {unknown}
 n - 2 potions of resistance {unknown}

Dungeon Overview and Level Annotations

Branches:
Dungeon (3/15)

Altars:
Uskayaw
Yredelemnul

...#.......#†....................
...#.^.....#...............#.....
........####...............#....)
......... .................#.....
.....###...................#.....
#....##.............#..### #....
#.......... .#...## .....
#......# .....##
.....##..@o..######.....#.
........w.................
......................##..
........lo............##..
)..........$....†.........
..........................
.....)†).o.##.............
.....)....................
........................##


You could see an orc warrior (inner flame), an orc priest (inner flame), a dart
slug (inner flame), an orc (inner flame) and a frilled lizard (inner flame).


Message History

You reach to attack!
You puncture the orc!
You kill the orc!
A frilled lizard comes into view.
You hit the bat.
The bat is moderately wounded.
The bat hits you but does no damage. The bat hits you.
You hit the bat.
You kill the bat!
You reach to attack!
You puncture the orc!
You kill the orc!
You reach to attack!
You hit the orc warrior.
The orc warrior is lightly wounded.
You hit the orc warrior.
The orc warrior is lightly wounded.
An orc comes into view.
The dart slug launches a dart at you. The slug dart hits you.
The orc warrior closely misses you.
The orc priest mumbles some strange prayers to Beogh against you.
Beogh smites you!
* * * LOW HITPOINT WARNING * * *
The orc shouts!
The orc priest mumbles some strange prayers to Beogh against you.
Pain shoots through your body!
* * * LOW HITPOINT WARNING * * *
As you read the scroll labelled ETUOXT PANAZUI, it crumbles to dust.
The creatures around you are filled with an inner flame!
It was a scroll of immolation.
The orc priest mumbles some strange prayers to Beogh against you.
Beogh smites you!
You die...

Skill      XL: |  1  2  3  4  5  6 |
---------------+-------------------+-----
Polearms       | 5 6 8 9 10 | 10.2
Fighting       | |  2.1
Throwing       | |  2.0
Dodging        | |  4.0

Action                   |  1- 3 |  4- 6 || total
-------------------------+-------+-------++-------
Melee: Trident           |    91 |   159 ||   250
  Use: Potion            |       |     1 ||     1
       Scroll            |       |     2 ||     2
 Stab: Sleeping          |     3 |     2 ||     5
       Distracted        |       |     1 ||     1
Armor: Leather armour    |    19 |    34 ||    53
Dodge: Dodged            |    42 |    92 ||   134

Levels and vault maps discovered:
D:1:      zaba_arrival_water, layout_loops_ring, serial_forest,
          infiniplex_forest_straight_4, infiniplex_forest_end_1,
          infiniplex_forest_straight_4, infiniplex_forest_clump_small,
          infiniplex_forest_clump_curved, infiniplex_forest_straight_5,
          infiniplex_forest_clump_long
D:2:      layout_loops_cross, eat_drink_and_be_merry_uskayaw,
          nicolae_overflow_hidden_temple
D:3:      layout_basic, uniq_jessica

Notes
Turn   | Place    | Note
-------+----------+-------------------------------------------
     0 | D:1      | Dracia the Merfolk Gladiator began the quest for the Orb.
     0 | D:1      | Reached XP level 1. HP: 16/16 MP: 1/1
   116 | D:1      | Reached skill level 5 in Polearms
   129 | D:1      | Reached XP level 2. HP: 22/22 MP: 2/2
   555 | D:1      | Reached skill level 6 in Polearms
   555 | D:1      | Reached XP level 3. HP: 23/27 MP: 3/3
  1016 | D:2      | Found a hide-covered altar of Uskayaw.
  1032 | D:2      | Reached XP level 4. HP: 21/33 MP: 4/4
  1149 | D:2      | Noticed an ogre
  1152 | D:2      | Reached skill level 7 in Polearms
  1179 | D:2      | Killed an ogre
  1179 | D:2      | Reached skill level 8 in Polearms
  1179 | D:2      | Reached XP level 5. HP: 20/38 MP: 5/5
  1692 | D:2      | Reached skill level 9 in Polearms
  1824 | D:2      | Found a basalt altar of Yredelemnul.
  2207 | D:3      | Reached XP level 6. HP: 39/44 MP: 6/6
  2713 | D:3      | Reached skill level 10 in Polearms
  2723 | D:3      | Noticed Jessica
  2735 | D:3      | Killed Jessica
  2741 | D:3      | Noticed an orc warrior
  2759 | D:3      | HP: 2/44 [orc priest/nerve-wracking pain (14)]
  2762 | D:3      | Killed from afar by an orc priest

Vanquished Creatures
  An ogre (D:2)
  An orc priest (D:3)
  A hound (D:3)
  Jessica (D:3)
  A hound skeleton (D:2)
  7 adders
  2 oozes
  3 dart slugs
  A leopard gecko (D:3)
  7 orcs (D:3)
  2 ball pythons
  8 bats
  6 giant cockroaches
  4 goblins
  7 hobgoblins
  2 jackals (D:1)
  9 kobolds
  3 frilled lizards
  7 rats
73 creatures vanquished.

Vanquished Creatures (others)
  A plant (D:1)
1 creature vanquished.

Grand Total: 74 creatures vanquished

Table legend: (Time is in decaauts)
 A = Elapsed time spent in this place.
 B = Non-inter-level travel time spent in this place.
 C = Inter-level travel time spent in this place.
 D = Time resting spent in this place.
 E = Time spent auto-exploring this place.
 F = Levels seen in this place.
 G = Mean time per level.
                   A        B        C        D        E       F      G
               +--------+--------+--------+--------+--------+-----+--------+
         Total |   2713 |   2625 |     88 |    181 |   1979 |   3 |  904.3 |
       Dungeon |   2713 |   2625 |     88 |    181 |   1979 |   3 |  904.3 |
               +--------+--------+--------+--------+--------+-----+--------+

Top non-repeatable levels by time:
     D:2: 1139 daAuts
     D:1: 975 daAuts
     D:3: 599 daAuts

Table legend:
 A = Non-vault XP
 B = Vault XP
 C = Vault XP percentage of total XP
 D = Non-vault monster count
 E = Vault monster count
 F = Vault count percentage of total count
                 A         B        C        D         E       F
            +---------+---------+-------+---------+---------+-------
      Total |     441 |      37 |   7.7 |      72 |       1 |   1.4
            +---------+---------+-------+---------+---------+-------
        D:1 |      43 |       0 |   0.0 |      19 |       0 |   0.0
        D:2 |     246 |       0 |   0.0 |      29 |       0 |   0.0
        D:3 |     152 |      37 |  19.6 |      24 |       1 |   4.0
            +---------+---------+-------+---------+---------+-------
